 Dungeon Crawl Stone Soup version 0.19-a0-1079-g88a7474 (webtiles) character file.

162 4thArraOfDagon the Chopper (level 5, 0/49 HPs)
             Began as a Deep Dwarf Fighter on Aug 6, 2016.
             Slain by Menkaure (4 damage)
             ... on level 5 of the Dungeon.
             The game lasted 00:01:42 (193 turns).

4thArraOfDagon the Chopper (Deep Dwarf Fighter)      Turns: 193, Time: 00:01:43

Health: 0/49       AC:  8    Str: 20    XL:     5   Next: 19%
Magic:  5/5        EV:  7    Int:  9    God:
Gold:   13         SH:  9    Dex: 12    Spells: 0 memorised, 4 levels left

rFire  . . .     SeeInvis .     a - +0 war axe
rCold  . . .     Gourm    .     b - +0 scale mail
rNeg   . . .     Faith    .     c - +0 shield
rPois  .         Spirit   .     (no helmet)
rElec  .         Dismiss  .     (no cloak)
rCorr  .         Reflect  .     g - +0 pair of gloves
SustAt .         Harm     .     (no boots)
MR     .....                    (no amulet)
Stlth  ..........               (no ring)
                                (no ring)

@: non-regenerating
A: damage resistance, recharge devices, sense surroundings 1, slow regeneration
3
a: Device Recharging


You were on level 5 of the Dungeon.
You were not hungry.

You visited 1 branch of the dungeon, and saw 5 of its levels.

You collected 13 gold pieces.

Inventory:

Hand Weapons
 a - a +0 war axe (weapon)
Armour
 b - a +0 scale mail (worn)
 c - a +0 shield (worn)
 g - a +0 pair of gloves (worn)
Wands
 e - a wand of heal wounds (4/9)
Scrolls
 h - a scroll of identify {unknown}
 i - a scroll of amnesia {unknown}
Potions
 d - a potion of brilliance {unknown}
Comestibles
 f - a bread ration


   Skills:
 - Level 3.4 Fighting
 * Level 4.6 Axes
 + Level 4.2 Armour
 - Level 3.2 Shields
 + Level 0.0 Evocations


You had 4 spell levels left.
You didn't know any spells.

Dungeon Overview and Level Annotations

Branches:
Dungeon (5/15)
 Temple: D:4-7

Altars:
Fedhas
Qazlal

Annotations:
D:5 Menkaure


Innate Abilities, Weirdness & Mutations

You are resistant to damage.
You can recharge devices by infusing magical energy.
You passively map a small area around you.
You do not regenerate naturally.


Message History

Unknown command.
Evoke which item? (* to show all) (? for menu, Esc to quit)
Zapping:
e - a wand of heal wounds (5/9)
Press: ? - help, Shift-Dir - straight line, f - you You feel much better.
This wand has 4 charges left.
The crimson imp blinks!
Menkaure hits you!
You barely miss Menkaure.
Menkaure is moderately damaged.
You hit the crimson imp. The crimson imp hits you. Menkaure hits you!
You block the crimson imp's attack.
You barely miss Menkaure.
Menkaure is moderately damaged.
You completely miss the crimson imp. Menkaure hits you!
* * * LOW HITPOINT WARNING * * *
The crimson imp closely misses you.
You hit Menkaure.
Menkaure is moderately damaged.
You closely miss the crimson imp. The crimson imp barely misses you.
Menkaure hits you.
You die...

#.# , ,*
#.#############
*
#.....5.......#
,
#.###########.#,
### #.#, , #.# *
#.# #5# #@#,*
#M# #.# * #.#,
#.# #.# , #.#,
** #.#


You could see Menkaure and a crimson imp.

Vanquished Creatures
  Sigmund (D:2)
  An adder (D:4)
  3 orcs (D:3)
  A hobgoblin (D:2)
6 creatures vanquished.

Notes
Turn   | Place    | Note
-------+----------+-------------------------------------------
     0 | D:1      | 4thArraOfDagon the Deep Dwarf Fighter began the quest for the Orb.
     0 | D:1      | Reached XP level 1. HP: 20/20 MP: 1/1
    23 | D:2      | Noticed Sigmund
    29 | D:2      | Killed Sigmund
    29 | D:2      | Reached XP level 2. HP: 16/28 MP: 2/2
    29 | D:2      | Reached XP level 3. HP: 20/34 MP: 3/3
    29 | D:2      | Reached XP level 4. HP: 25/42 MP: 4/4
    29 | D:2      | Reached XP level 5. HP: 29/49 MP: 5/5
    46 | D:3      | Found a stormy altar of Qazlal.
    49 | D:3      | Found a blossoming altar of Fedhas.
    63 | D:3      | You fall through a shaft!
    91 | D:5      | Entered Level 5 of the Dungeon
   183 | D:5      | Noticed Menkaure
   193 | D:5      | Slain by Menkaure

Vault maps used:
D:1:      lightli_arrival_noodles
D:2:      lemuel_doored_altar, uniq_terence, uniq_sigmund
D:3:      grunt_temple_overflow_forces_of_nature, bloody_trog,
          nicolae_ru_sacrificial_ziggurat, nicolae_overflow_hidden_temple,
          first_bread, uniq_natasha, uniq_grinder
D:4:      okawaru_trees_1, serial_glass, glass_columns_a, glass_columns_b,
          glass_columns_a, glass_columns_a, trog_three_pillars_becter,
          uniq_pikel
D:5:      lemuel_zombie_altar_kikubaaqudgha, grunt_pakellas_basics,
          minmay_a_box_with_orc_wizards_in_it, uniq_menkaure

Skill      XL: |  1 |
---------------+----+-----
Fighting       | 3 |  3.4
Axes           | 4 |  4.6
Armour         | 4 |  4.2
Shields        | |  3.2

Action                   |  1- 3 |  4- 6 || total
-------------------------+-------+-------++-------
Melee: War axe           |     3 |    22 ||    25
Evoke: Wand              |       |     1 ||     1
  Use: Potion            |     1 |       ||     1
Armor: Scale mail        |     1 |     5 ||     6
Dodge: Dodged            |     1 |     8 ||     9
Block: Shield            |     1 |    14 ||    15
